 Dungeon Crawl Stone Soup version 0.28-a0-1447-ga5a8893891 (webtiles) character file.

Game seed: 6619902445352915865

2 herbaltea the Grave Robber (level 1, -17/13 HPs)
             Began as a Mummy Necromancer on Jan 11, 2022.
             Engulfed by a cloud of flame (30 damage)
             ... on level 1 of the Dungeon.
             The game lasted 00:02:01 (251 turns).

herbaltea the Grave Robber (Mummy Necromancer)       Turns: 251, Time: 00:02:02

Health: -17/13     AC:  3    Str: 11    XL:     1   Next: 25%
Magic:  4/4        EV: 11    Int: 14    God:
Gold:   0          SH:  0    Dex: 12    Spells: 3/5 levels left

rFire   x . .      SeeInvis .   (no weapon)
rCold   + . .      Faith    .   (no shield)
rNeg    + + +      Spirit   .   d - +0 leather armour
rPois   ∞          Reflect  .   (no helmet)
rElec   .          Harm     .   (no cloak)
rCorr   .          Rampage  .   (no gloves)
Will    .....                   (no boots)
Stlth   +.........              (no amulet)
HPRegen 0.04/turn               (no ring)
MPRegen 0.09/turn               (no ring)

@: no status effects
A: cold resistance 1, negative energy resistance 3, torment resistance 2, heat
vulnerability 1, no potions
a: no special abilities


You were on level 1 of the Dungeon.
You visited 1 branch of the dungeon, and saw 1 of its levels.

Inventory:

Hand Weapons
 b - a +0 whip
Missiles
 c - 8 stones
Armour
 a - a +0 robe
 d - a +0 leather armour (worn)


   Skills:
 + Level 1.5 Dodging
 + Level 1.5 Stealth
 + Level 2.8 Spellcasting
 * Level 4.0 Necromancy


You had 3 spell levels left.
You knew the following spells:

 Your Spells              Type           Power      Damage    Failure   Level
b - Pain                  Necr           52%        1d6       5%          1
z - Animate Skeleton      Necr           26%        N/A       5%          1

Your spell library contained the following spells:

 Spells                   Type           Power      Damage    Failure   Level
 Vampiric Draining        Necr           13%        2d6       16%         3
 Magic Dart               Conj           8%         1d3       28%         1
 Searing Ray              Conj           4%         2d4       41%         2
 Animate Dead             Necr           6%         N/A       47%         4
 Agony                    Necr           13%        N/A       83%         5
 Fulminant Prism          Conj/Hex       1%         3d6       96%         4


Dungeon Overview and Level Annotations

Branches:
Dungeon (1/15)

Altars:


Innate Abilities, Weirdness & Mutations

You are immune to poison.
Your flesh is cold resistant. (rC+)
You are immune to negative energy. (rN+++)
You are immune to unholy pain and torment.
You are vulnerable to heat. (rF-)
You do not drink.


Message History

Aiming: Pain (safe; 5% risk of failure)
Press: ? - help, Shift-Dir - straight line, f/p - kobold
Aim: a kobold, wielding a +0 whip and quivering stones (chance to affect: 83%)
You miscast Pain.
Nothing appears to happen.
The kobold hits you with a +0 whip.
The kobold throws a stone.
The stone hits you.
The kobold throws a stone.
The stone hits you.
The kobold throws a stone.
The stone barely misses you.
The kobold throws a stone.
The stone barely misses you.
Press: ? - help, v - describe, . - travel
Here: a kobold, wielding a +0 whip and quivering stones The floor.
The kobold throws a stone.
The stone hits you but does no damage.
The kobold throws a stone.
The stone closely misses you.
Your magical contamination has completely faded away.
The kobold throws a stone.
The stone closely misses you.
Really walk into a travel-excluded area? [Y]es or [N]o only, please.
Really walk into a travel-excluded area? [Y]es or [N]o only, please.
Really walk into a travel-excluded area?
Okay, then.
The kobold is engulfed in blazing flames.
The kobold dies!
You start resting.
Magic restored.
You start resting.
Really walk into a travel-excluded area? [Y]es or [N]o only, please.
Really walk into a travel-excluded area? [Y]es or [N]o only, please.
Really walk into a travel-excluded area? [Y]es or [N]o only, please.
Really walk into a travel-excluded area?
c - 8 stones (gained 4)
Things that are here:
a +0 whip; a kobold corpse You are engulfed in blazing flames.
Ouch! That really hurt!
You die...

......##.# #.........#
#.....##.# #.........#
#.....##.# #..#...#..#
.....# #.####.........#
#....###.#..#.........# #
..........K.#..#...#..#.#
##.#######..#..○......#.#
#... ##.....○☼≈.....#
####.# ###..#@8.#..### #
#.........# ####+#+####


There were no monsters in sight!

Vanquished Creatures
  A ball python (D:1)
  A kobold (D:1)
2 creatures vanquished.

Vanquished Creatures (collateral kills)
  A rat (D:1)
1 creature vanquished.

Vanquished Creatures (others)
  A kobold (D:1)
1 creature vanquished.

Grand Total: 4 creatures vanquished

Notes
Turn   | Place    | Note
-------+----------+-------------------------------------------
     0 | D:1      | herbaltea the Mummy Necromancer began the quest for the
                  | Orb.
     0 | D:1      | Reached XP level 1. HP: 13/13 MP: 4/4
     2 | D:1      | Learned a level 1 spell: Animate Skeleton
   251 | D:1      | Engulfed by a cloud of flame

Illustrated notes

Levels and vault maps discovered:
D:1:      shiori_arrival_oz, layout_loops_cross,
          shapermc_ecumenical_altar_petra, minmay_misc_feat_tiny,
          minmay_misc_feat_chi, grunt_decor_arrowhead, corexii_leaking_fountain,
          minmay_pentomino_s2

Action                   || total
-------------------------++-------
 Cast: Pain              ||     4
       Animate Skeleton  ||     3
Armor: Leather armour    ||     2
Dodge: Dodged            ||     4

Table legend: (Time is in decaauts)
 A = Elapsed time spent in this place.
 B = Non-inter-level travel time spent in this place.
 C = Inter-level travel time spent in this place.
 D = Time resting spent in this place.
 E = Time spent auto-exploring this place.
 F = Levels seen in this place.
 G = Mean time per level.
                   A        B        C        D        E       F      G
               +--------+--------+--------+--------+--------+-----+--------+
         Total |    251 |    251 |      0 |    124 |     28 |   1 |  251.0 |
       Dungeon |    251 |    251 |      0 |    124 |     28 |   1 |  251.0 |
               +--------+--------+--------+--------+--------+-----+--------+

Top non-repeatable levels by time:
     D:1: 251 daAuts
